 Dungeon Crawl Stone Soup version 0.29.1-2-gbd0b4ee654 (webtiles) character file.

Game seed: 2545811355374781722

59 KittyFluff the Trooper (level 4, 0/43 HPs)
             Began as a Gargoyle Berserker on Oct 31, 2022.
             Was a Follower of Trog.
             Slain by a gnoll
             ... wielding a +0 halberd
              (5 damage)
             ... on level 2 of the Dungeon.
             The game lasted 00:05:08 (1527 turns).

KittyFluff the Trooper (Gargoyle Berserker)         Turns: 1527, Time: 00:05:08

Health: 0/43       AC:  5    Str: 20    XL:     4   Next: 3%
Magic:  4/4        EV: 12    Int:  8    God:    Trog [*.....]
Gold:   75         SH:  0    Dex: 11    Spells: 3/3 levels left

rFire   . . .      SeeInvis .   a - +0 mace
rCold   . . .      Faith    .   (no shield)
rNeg    + . .      Spirit   .   b - +0 animal skin
rPois   ∞          Reflect  .   (no helmet)
rElec   +          Harm     .   (no cloak)
rCorr   .          Rampage  .   (no gloves)
Will    .....                   (no boots)
Stlth   ..........              (no amulet)
HPRegen 0.14/turn               (no ring)
MPRegen 0.09/turn               (no ring)

@: berserking, very quick
A: sickness immunity, AC +3, negative energy resistance 1, electricity
resistance, torment resistance 1, petrification resistance
a: Renounce Religion, Berserk


You were on level 2 of the Dungeon.
You worshipped Trog.
Trog was aware of your devotion.
You visited 1 branch of the dungeon, and saw 2 of its levels.

You collected 75 gold pieces.

Inventory:

Hand Weapons
 a - a +0 mace (weapon)
Armour
 b - a +0 animal skin (worn)
Scrolls
 f - a scroll of teleportation {unknown}
 g - 2 scrolls of identify {unknown}
 i - a scroll of noise {unknown}
Potions
 c - 2 potions of lignification {unknown}
 d - a potion of berserk rage {unknown}
 e - a potion of haste {unknown}
 h - 2 potions of attraction {unknown}
 j - a potion of resistance {unknown}
 k - 2 potions of invisibility {unknown}


   Skills:
 + Level 3.9 Fighting
 + Level 3.6 Maces & Flails
 * Level 3.0 Armour
 + Level 1.9 Dodging
 + Level 0.1 Stealth


You had 3 spell levels left.
You didn't know any spells.
Your spell library contained the following spells:

 Spells                   Type           Power      Damage    Failure   Level
 Apportation              Tloc           0%         N/A       41%         1
 Portal Projectile        Hex/Tloc       0%         N/A       78%         3
 Iron Shot                Conj/Erth      0%         9d1       100%        6


Dungeon Overview and Level Annotations

Branches:
Dungeon (2/15)

Altars:


Innate Abilities, Weirdness & Mutations

You are immune to sickness and miasma.
Your stone body is resilient. (AC +3)
You are immune to poison.
You resist negative energy. (rN+)
You are resistant to electric shocks. (rElec)
You are resistant to unholy torment.
You are immune to petrification.


Message History

The jackal barely misses you. The gnoll barely misses you.
You hit the jackal.
You kill the jackal!
Trog accepts your kill. The gnoll hits you but does no damage.
The gnoll completely misses you.
You thump the gnoll!
The gnoll is heavily wounded.
The gnoll barely misses you.
The gnoll hits you from afar with a +0 halberd!
Ouch! That really hurt!
You hit the gnoll.
The gnoll is almost dead.
The gnoll closely misses you. x2
You closely miss the gnoll.
The gnoll is almost dead.
The gnoll hits you with a +0 halberd.
* * * LOW HITPOINT WARNING * * *
The gnoll barely misses you.
A red film seems to cover your vision as you go berserk!
You feel yourself moving faster!
You feel mighty!
You can no longer call upon Trog for regeneration and willpower.
The gnoll hits you with a +0 halberd.
* * * LOW HITPOINT WARNING * * *
The gnoll closely misses you.
You thump the gnoll!
You kill the gnoll!
Trog accepts your kill. The gnoll misses you.
Your Armour skill increases to level 3!
You have reached level 4!
You feel clever.
You thump the gnoll!
The gnoll is heavily wounded.
The gnoll hits you but does no damage. The gnoll closely misses you.
You thump the gnoll!
You kill the gnoll!
Trog accepts your kill.
The gnoll hits you from afar with a +0 halberd.
You die...

.......+....##
+..#
.......######.
#..# .......#
#.. #.##
######## #♣.g
#.# .# #.>.
#.# .#####
♣.g###.#
.....####
#...##.#
........#
#.g♣#.#
........#
#.)@.#
........#
##♣###
........#
........#
........####
....†......#
##########.#
#..P## #.#
b.P.. #.#


You could see a gnoll.

Vanquished Creatures
  2 gnolls (D:2)
  2 adders (D:2)
  A worm (D:2)
  2 ball pythons
  A bat (D:1)
  2 endoplasms (D:1)
  2 giant cockroaches (D:1)
  3 goblins (D:1)
  2 hobgoblins (D:1)
  3 jackals (D:2)
  4 kobolds
  2 rats (D:1)
26 creatures vanquished.

Notes
Turn   | Place    | Note
-------+----------+-------------------------------------------
     0 | D:1      | KittyFluff the Gargoyle Berserker began the quest for the
                  | Orb.
     0 | D:1      | Reached XP level 1. HP: 14/14 MP: 1/1
   114 | D:1      | Got the Compilation of Orientation and Stones
   334 | D:1      | Reached XP level 2. HP: 12/19 MP: 2/2
   755 | D:1      | Found a faded altar of an unknown god.
  1048 | D:2      | Reached XP level 3. HP: 23/24 MP: 3/3
  1515 | D:2      | Reached ** piety under Trog
  1526 | D:2      | Reached XP level 4. HP: 4/29 MP: 4/4
  1527 | D:2      | Slain by a gnoll

Illustrated notes

Levels and vault maps discovered:
D:1:      saegor_arrival_miasma, layout_basic,
          hellmonk_ecumenical_altar_zigzags, minmay_tromino_v7
D:2:      layout_basic, serial_aquarium, aquarium_bridge_long_joined
          [aquarium_subvault_wall, aquarium_subvault_bridge,
          aquarium_subvault_window, aquarium_subvault_bridge,
          aquarium_subvault_bridge, aquarium_subvault_bridge],
          aquarium_window_corridor_2, aquarium_window_1, aquarium_view_2b,
          aquarium_view_4, aquarium_balcony_1b, aquarium_pool_double,
          grunt_ministairs_8

Skill      XL: |  1  2  3 |
---------------+----------+-----
Armour         | 3 |  3.0
Fighting       | |  3.9
Maces & Flails | |  3.6
Dodging        | |  1.9
Stealth        | |  0.1

Action                   |  1- 3 |  4- 6 || total
-------------------------+-------+-------++-------
Melee: Mace              |    81 |     2 ||    83
       Punch             |     1 |       ||     1
Invok: Berserk           |     1 |       ||     1
Armor: Animal skin       |    32 |     1 ||    33
Dodge: Dodged            |    65 |     1 ||    66
